 Dungeon Crawl Stone Soup version 0.32-a0-814-g0968bab981 (webtiles) character file.

Game seed: 10335755923808762401

38 wilfster70 the Chiller (level 3, -4/24 HPs)
             Began as a Merfolk Ice Elementalist on Mar 22, 2024.
             Killed from afar by an orc wizard (10 damage)
             ... with a magic dart
             ... on level 3 of the Dungeon.
             The game lasted 00:04:08 (1676 turns).

wilfster70 the Chiller (Merfolk Ice Elementalist)   Turns: 1676, Time: 00:04:09

Health: -4/24      AC:  3    Str:  8    XL:     3   Next: 43%
Magic:  1/6        EV: 11    Int: 16    God:
Gold:   73         SH:  5    Dex: 14    Spells: 3/7 levels left

rFire   . . .        a - +0 dagger
rCold   + . .        (no shield)
rNeg    . . .        f - +0 robe
rPois   .            (no helmet)
rElec   .            (no cloak)
rCorr   .            (no gloves)
SInv    .            d - +0 pair of boots
Will    +....        m - amulet of reflection
Stlth   ++           l - ring of willpower
HPRegen 0.24/turn    n - ring of protection from cold
MPRegen 0.10/turn

%: reflection
@: freezing walls
A: (nimble swimmer 2), mertail
a: no special abilities


You were on level 3 of the Dungeon.
You visited 1 branch of the dungeon, and saw 3 of its levels.

You collected 73 gold pieces.

Inventory:

Hand Weapons
 a - a +0 dagger (weapon)
 p - a +0 short sword of flaming
Armour
 d - a +0 pair of boots (worn)
 f - a +0 robe (worn)
Jewellery
 l - a ring of willpower (left hand)
 m - an amulet of reflection (around neck)
 n - a ring of protection from cold (right hand)
Scrolls
 c - a scroll of amnesia
 e - a scroll of vulnerability
 h - a scroll of fog {unknown}
 i - a scroll of teleportation {unknown}
 j - a scroll of enchant armour {unknown}
 o - a scroll of immolation {unknown}
Potions
 b - a potion of magic
 g - a potion of enlightenment
 k - a potion of mutation


   Skills:
 - Level 2.6 Dodging
 - Level 2.1 Stealth
 + Level 2.5 Spellcasting
 * Level 5.2 Ice Magic


You had 3 spell levels left.
You knew the following spells:

 Your Spells              Type           Power      Damage    Failure   Level
a - Freeze                Ice            72%        1d8       2%          1
b - Frozen Ramparts       Ice            36%        1d6       7%          3

Your spell library contained the following spells:

 Spells                   Type           Power      Damage    Failure   Level
 Ozocubu's Armour         Ice            18%        N/A       7%          3
 Summon Ice Beast         Ice/Summ       10%        N/A       21%         3
 Gell's Gravitas          Tloc           2%         N/A       52%         3
 Teleport Other           Tloc           2%         N/A       52%         3
 Tukima's Dance           Hex            2%         N/A       52%         3
 Dimensional Bullseye     Hex/Tloc       1%         N/A       89%         4
 Iskenderun's Mystic Bla  Conj/Tloc      2%         2d3       89%         4
 Dispersal                Tloc           1%         N/A       100%        6


Dungeon Overview and Level Annotations

Branches:
Dungeon (3/15)

Altars:
Uskayaw


Innate Abilities, Weirdness & Mutations

((You are very nimble when in or above water. (Stealth+, EV+, Speed+++)))
Your lower body shifts to a powerful aquatic tail in water.


Message History

You barely miss the orc wizard.
The orc wizard is lightly wounded.
The wall freezes the orc wizard.
The orc wizard mumbles some strange words.
The orc wizard flickers and vanishes!
Deactivating autopickup; reactivate with Ctrl-A.
The orc hits you with a +0 whip.
The wall freezes the orc.
Okay, then.
Unknown command.
You barely miss the orc.
The wall freezes something.
Something hits you. You block the orc's attack.
The wall freezes the orc.
You kill the orc!
Casting: Frozen Ramparts (quite dangerous; 7% risk of failure)
Confirm with . or Enter, or press ? or * to list all spells.
Aiming: Freeze (safe; 2% risk of failure)
Press: ? - help, Shift-Dir - straight line, f - orc
Aim: an orc, wielding a +0 whip You freeze the orc.
The orc is severely wounded.
The wall freezes something.
You block the orc's attack.
Casting: Freeze (safe; 2% risk of failure)
Confirm with . or Enter, or press ? or * to list all spells.
Aiming: Freeze (safe; 2% risk of failure)
Press: ? - help, Shift-Dir - straight line, f/p - orc
Aim: an orc, wielding a +0 whip (severely wounded)
You freeze the orc.
You kill the orc!
Something barely misses you.
Casting: Freeze (safe; 2% risk of failure)
Confirm with . or Enter, or press ? or * to list all spells.
You can't see any susceptible monsters within range! (Use Z to cast anyway.)
A giant cockroach comes into view.
Something hits you.
The wall freezes the orc wizard but does no damage.
Something hits you.
* * * LOW HITPOINT WARNING * * *
The wall freezes the orc wizard but does no damage.
The orc wizard points at you and mumbles some strange words.
The magic dart hits you!
You die...

#.....# #.....#
#.....#
###.....##
#...†....#
#..##..#.#
#..##..# #
#.<..B.#
#..@##.#
#.)o##.#.#
#..).....#
###.###### ##.#
##..########.#
#............#
#..#.##.######
###..#.##.#####.


You could see an orc wizard and a giant cockroach.

Vanquished Creatures
  An adder (D:2)
  2 dart slugs
  2 orcs (D:3)
  2 ball pythons (D:1)
  An endoplasm (D:1)
  A giant cockroach (D:1)
  3 hobgoblins
  A kobold (D:3)
  2 quokkas
  A frilled lizard (D:3)
  4 goblins
  A rat (D:3)
21 creatures vanquished.

Notes
Turn   | Place    | Note
-------+----------+-------------------------------------------
     0 | D:1      | wilfster70 the Merfolk Ice Elementalist began the quest for
                  | the Orb.
     0 | D:1      | Reached XP level 1. HP: 13/13 MP: 3/3
   240 | D:1      | Reached XP level 2. HP: 19/19 MP: 3/5
   879 | D:2      | Found a hide-covered altar of Uskayaw.
  1090 | D:2      | Reached skill level 5 in Ice Magic
  1090 | D:2      | Reached XP level 3. HP: 22/24 MP: 2/6
  1094 | D:2      | Learned a level 3 spell: Frozen Ramparts
  1425 | D:2      | Found a faded altar of an unknown god.
  1676 | D:3      | Killed from afar by an orc wizard

Illustrated notes

Levels and vault maps discovered:
D:1:      lemuel_arrival_muddy, layout_loops_ring
D:2:      layout_basic, hellmonk_ecumenical_altar_crossroads, basic_altar
D:3:      layout_loops_cross, makhleb_altar_promises_db, gup_sewer_entry_bowl,
          minivault_5

Skill      XL: |  1  2 |
---------------+-------+-----
Ice Magic      | 5 |  5.2
Dodging        | |  2.6
Stealth        | |  2.1
Spellcasting   | |  2.5

Action                     || total
---------------------------++-------
  Melee: Unarmed           ||     1
         Dagger            ||     2
   Cast: Freeze            ||    34
         Frozen Ramparts   ||     1
    Use: Scroll            ||     4
 Armour: Robe              ||    18
  Dodge: Dodged            ||    12
  Block: Other             ||     2

Table legend: (Time is in decaauts)
 A = Elapsed time spent in this place.
 B = Non-inter-level travel time spent in this place.
 C = Inter-level travel time spent in this place.
 D = Time resting spent in this place.
 E = Time spent auto-exploring this place.
 F = Levels seen in this place.
 G = Mean time per level.
                   A        B        C        D        E       F      G
               +--------+--------+--------+--------+--------+-----+--------+
         Total |   1673 |   1626 |     47 |    124 |    931 |   3 |  557.7 |
       Dungeon |   1673 |   1626 |     47 |    124 |    931 |   3 |  557.7 |
               +--------+--------+--------+--------+--------+-----+--------+

Top non-repeatable levels by time:
     D:2: 855 daAuts
     D:1: 746 daAuts
     D:3: 71 daAuts
